 Dungeon Crawl Stone Soup version 0.13.0-15-g9204fa6 (webtiles) character file.

2022 Malachi the Cudgeler (level 9, -4/79 HPs)
             Began as a Naga Fighter on Oct 20, 2013.
             Was an Initiate of Okawaru.
             Slain by a wight
             ... wielding a +2,+1 halberd
              (7 damage)
             ... on Level 6 of the Dungeon.
             The game lasted 00:16:17 (5948 turns).

Malachi the Cudgeler (Naga Fighter)                 Turns: 5948, Time: 00:16:18

HP  -4/79        AC  8     Str 21      XL: 9   Next:  5%
MP   9/9         EV  4     Int 13      God: Okawaru [......]
Gold 291         SH 19     Dex 10      Spells:  0 memorised,  8 levels left

Res.Fire  : . . .   See Invis. : +   a - +1,+0 mace
Res.Cold  : . . .   Warding    : .   h - +0 chain mail
Life Prot.: . . .   Conserve   : .   u - +0 shield
Res.Poison: +       Res.Corr.  : .   (no helmet)
Res.Elec. : .       Clarity    : .   (no cloak)
Sust.Abil.: . .     Spirit.Shd : .   (no gloves)
Res.Mut.  : .       Rnd.Telep. : +   (no barding)
Res.Rott. : .       Flight     : .   (no amulet)
Saprovore : . . .                    (no ring)
                                     k - cursed +3 ring of intelligence

@: very slightly contaminated, drained, very slow, somewhat resistant to hostile
enchantments, extremely unstealthy
A: spit poison, see invisible, deformed body, poison resistance, slowness 2,
teleportitis 1, AC +3
a: Spit Poison, Renounce Religion


You were on level 6 of the Dungeon.
You worshipped Okawaru.
Okawaru was noncommittal.
You were hungry.

You visited 2 branches of the dungeon, and saw 7 of its levels.

You collected 271 gold pieces.

Inventory:

Hand weapons
 a - a +1,+0 mace (weapon)
 c - a +0,+0 bow
 g - a +1,+0 scythe of dragon slaying
 s - a +0,+0 orcish flail
Missiles
 e - a throwing net (quivered)
 v - 28 arrows
Armour
 h - a +0 chain mail (worn)
 u - a +0 shield (worn)
Magical devices
 i - a wand of disintegration (0)
 n - a wand of digging (5)
Comestibles
 b - a pear
 d - 6 bread rations
 r - a snozzcumber
 w - a chunk of hound flesh
Scrolls
 l - 4 scrolls of remove curse
 p - a scroll of fog
 q - a scroll of teleportation
Jewellery
 k - a cursed +3 ring of intelligence (left hand)
Potions
 f - 2 potions of curing
 j - 4 potions of cure mutation
Books
 m - a book of Maledictions

   Spells                             Type                      Level
   Corona                             Hexes                        1
   Sure Blade                         Hexes/Charms                 2
   Ensorcelled Hibernation            Hexes/Ice                    2
   Confuse                            Hexes                        3
   Enslavement                        Hexes                        4
   Invisibility                       Hexes                        6
 t - a book of the Tempests

   Spells                             Type                      Level
   Static Discharge                   Conjuration/Air              3
   Lightning Bolt                     Conjuration/Air              5
   Fireball                           Conjuration/Fire             5
   Tornado                            Air                          9
   Shatter                            Earth                        9


   Skills:
 - Level 4.0(3.2) Fighting
 * Level 7.7(6.8) Maces & Flails
 - Level 4.4(3.6) Armour
 - Level 1.0(0.3) Dodging
 + Level 5.6(4.8) Shields
 - Level 1.0(0.3) Evocations


You had 8 spell levels left.
You didn't know any spells.

Dungeon Overview and Level Annotations

Branches:
Dungeon (6/27)             Temple (1/1) D:5
    Orc: D:6-11

Altars:
Ashenzari
Cheibriados
Elyvilon
Fedhas
Kikubaaqudgha
Makhleb
Nemelex Xobeh
Okawaru
Sif Muna
Trog
Vehumet
Yredelemnul
the Shining One

Annotations:
D:4 Dowan, Duvessa


Innate Abilities, Weirdness & Mutations

You cannot wear boots.
You can spit poison.
Your serpentine skin is tough (AC +3).
You have supernaturally acute eyesight.
Armour fits poorly on your strangely shaped body.
Your system is resistant to poisons.
You cover ground very slowly.
Space occasionally distorts in your vicinity.


Message History

You block the jackal's attack. You block the jackal's attack.
You flicker back into view.
You block the wight's attack.
The jackal bites you but does no damage.
The jackal bites you.
* * * LOW HITPOINT WARNING * * *
The jackal bites you.
* * * LOW HITPOINT WARNING * * *
The jackal barely misses you. The jackal bites you.
* * * LOW HITPOINT WARNING * * *
The wight hits you from afar with a halberd.
* * * LOW HITPOINT WARNING * * *
The jackal bites you but does no damage.
There is a stone staircase leading up here.
You block the jackal's attack.
The jackal bites you but does no damage.
The wight hits you from afar with a halberd!
You die...

########### #### ##.........#
#... #..........# #...
#..........# #... .##
#..........# #...
....##..........# #...
.....#.......@..# ###...
#..........hh..# #####..... #
##.........z...# #.........
#.#..............#####........(
#......................[...<...
................................
..#.....####.#.#######.........
####..# #)#.# #......... ####..#
#.#.# #.........


You could see a wight and 2 jackals.

Vanquished Creatures
  Grinder (D:5)
  Eustachio (D:6)
  A sky beast (D:5)
  An ogre (D:5)
  3 phantoms
  2 centaurs (D:5)
  Sigmund (D:2)
  2 wights (D:6)
  2 crimson imps
  A jelly (D:6)
  2 iguanas
  2 hounds
  An orc wizard (D:3)
  3 worker ants
  2 worker ant zombies
  5 adders
  8 gnolls
  A lemure (D:5)
  2 giant mites
  3 worms (D:2)
  An adder zombie (D:5)
  A giant eyeball (D:5)
  6 giant geckos
  An ooze (D:3)
  12 orcs
  A ball python (D:3)
  12 bats
  11 goblins
  4 hobgoblins
  6 kobolds
  2 quokkas
  2 giant cockroaches
  5 giant newts
  10 jackals
  A kobold skeleton (D:6)
  2 orc zombies
  6 rats
127 creatures vanquished.

Notes
Turn   | Place    | Note
--------------------------------------------------------------
     0 | D:1      | Malachi, the Naga Fighter, began the quest for the Orb.
     0 | D:1      | Reached XP level 1. HP: 21/21 MP: 0/0
   355 | D:1      | Reached XP level 2. HP: 10/28 MP: 1/1
   695 | D:2      | Noticed Sigmund
   715 | D:2      | Killed Sigmund
   715 | D:2      | Reached skill level 1 in Dodging
   715 | D:2      | Reached XP level 3. HP: 7/36 MP: 2/2
   715 | D:2      | Reached XP level 4. HP: 8/43 MP: 3/3
  1125 | D:2      | Reached XP level 5. HP: 31/50 MP: 4/4
  2177 | D:3      | Noticed a phantom
  2214 | D:3      | Killed a phantom
  2214 | D:3      | Reached XP level 6. HP: 39/57 MP: 5/5
  2883 | D:4      | Reached skill level 4 in Maces & Flails
  2968 | D:4      | Reached skill level 1 in Evocations
  2968 | D:4      | Reached XP level 7. HP: 31/64 MP: 5/7
  3230 | D:4      | Noticed Duvessa
  3230 | D:4      | Noticed Dowan
  3234 | D:5      | Entered Level 5 of the Dungeon
  3488 | D:5      | Paralysed by a giant eyeball for 3 turns
  3718 | D:5      | Reached skill level 5 in Maces & Flails
  3925 | D:5      | Reached XP level 8. HP: 51/72 MP: 8/8
  4160 | D:5      | Noticed Grinder
  4229 | D:5      | Killed Grinder
  4229 | D:5      | Reached skill level 6 in Maces & Flails
  4402 | D:5      | Gained mutation: Space occasionally distorts in your vicinity. [mutagenic meat]
  4545 | D:5      | Found a staircase to the Ecumenical Temple.
  4695 | D:6      | Noticed Eustachio
  4739 | D:6      | Killed Eustachio
  4739 | D:6      | Reached skill level 5 in Shields
  5120 | D:6      | Found a deep blue altar of Sif Muna.
  5128 | D:6      | Reached skill level 7 in Maces & Flails
  5399 | Temple   | Entered the Ecumenical Temple
  5495 | Temple   | Became a worshipper of Warmaster Okawaru
  5720 | D:6      | Reached XP level 9. HP: 44/79 MP: 9/9
  5947 | D:6      | HP: 3/79 [wight/halberd (6)]
  5948 | D:6      | Slain by a wight

Action                   |  1- 3 |  4- 6 |  7- 9 || total
-------------------------+-------+-------+-------++-------
Melee: Mace              |    40 |   223 |   337 ||   600
 Abil: Spit Poison       |     6 |     1 |    10 ||    17
Evoke: Wand              |       |    12 |     2 ||    14
  Use: Scroll            |     2 |     8 |     3 ||    13
       Potion            |       |       |    13 ||    13
 Stab: Invisible         |       |       |     1 ||     1
